 Dungeon Crawl Stone Soup version 0.26.1-11-gd32895ea62 (webtiles) character file.

Game seed: 3935751309014643801

123 Dadi the Skirmisher (level 5, 0/34 HPs)
             Began as a Gargoyle Fighter on July 18, 2021.
             Killed from afar by an orc wizard (3 damage)
             ... with a magic dart
             ... on level 3 of the Dungeon.
             The game lasted 00:03:37 (2111 turns).

Dadi the Skirmisher (Gargoyle Fighter)              Turns: 2111, Time: 00:03:39

Health: 0/34       AC: 16    Str: 21    XL:     5   Next: 7%
Magic:  5/5        EV:  3    Int:  8    God:
Gold:   175        SH:  9    Dex:  9    Spells: 4/4 levels left

rFire    . . .     SeeInvis .   s - +0 morningstar
rCold    . . .     Faith    .   c - +0 kite shield
rNeg     + . .     Spirit   .   o - +0 plate armour
rPois    ∞         Reflect  .   (no helmet)
rElec    +         Harm     .   n - +0 cloak
rCorr    .         Rampage  .   (no gloves)
Will     .....                  (no boots)
Stlth    ..........             t - amulet of magic regeneration
HPRegen  0.11/turn              (no ring)
MPRegen  0.34/turn              (no ring)

@: no status effects
A: negative energy resistance 1, electricity resistance, unbreathing,
petrification resistance, miasma immunity, AC +4
a: no special abilities


You were on level 3 of the Dungeon.
You visited 1 branch of the dungeon, and saw 3 of its levels.

You collected 175 gold pieces.

Inventory:

Hand Weapons
 a - a +0 flail
 s - a +0 morningstar (weapon)
Armour
 b - a +0 scale mail
 c - a +0 kite shield (worn)
 n - a +0 cloak (worn)
 o - a +0 plate armour (worn)
Jewellery
 t - an amulet of magic regeneration (around neck)
Scrolls
 e - 4 scrolls of identify {unknown}
 g - a scroll of magic mapping {unknown}
 h - 2 scrolls of immolation {unknown}
 k - a scroll of enchant armour {unknown}
 l - 3 scrolls of teleportation {unknown}
 m - 2 scrolls of remove curse {unknown}
 u - a scroll of amnesia {unknown}
 v - a scroll of blinking {unknown}
Potions
 d - a potion of might
 f - a potion of curing {unknown}
 i - a potion of brilliance {unknown}
 j - 2 potions of lignification {unknown}
 p - a potion of experience {unknown}
 q - 2 potions of attraction {unknown}
 r - a potion of mutation {unknown}


   Skills:
 + Level 4.4 Fighting
 * Level 4.3 Maces & Flails
 - Level 3.2 Armour
 - Level 3.2 Shields


You had 4 spell levels left.
You didn't know any spells.
Your spell library was empty.

Dungeon Overview and Level Annotations

Branches:
Dungeon (3/15)

Altars:


Innate Abilities, Weirdness & Mutations

You are resistant to torment.
Your stone body is resilient. (AC +4)
You are immune to poison.
You resist negative energy. (rN+)
You are resistant to electric shocks. (rElec)
You can survive without breathing.
You are immune to petrification.
You are immune to miasma.


Message History

You kill the orc!
The orc warrior hits you from afar with a +0 glaive.
* * * LOW HITPOINT WARNING * * *
You block the rat's attack. You block the orc's attack.
You puncture the rat!
You kill the rat!
The orc priest mumbles some strange prayers to Beogh against you.
Pain shoots through your body!
* * * LOW HITPOINT WARNING * * *
You block the orc's attack.
The orc warrior hits you from afar with a +0 glaive.
* * * LOW HITPOINT WARNING * * *
The orc wizard hits you but does no damage.
You hit the orc priest.
The orc priest is moderately wounded.
The orc hits you but does no damage.
The orc priest hits you but does no damage.
The orc wizard casts a spell at you. The magic dart hits you.
You die...

.## #.............# ..
#.(#........).# #.#
##.............# ..
#..............# #.##
#.............# #..#
#......o.....## #.##
#......o)......#### #.).
#.....o@o..........##.).
###...........## #......
#............# ###.###
##...........####..###
#..#..................
#.##(..............###
#.####..##.#..........
#.##<..........(......
#.##..............#...


You could see an orc warrior, an orc priest, an orc wizard and an orc.

Vanquished Creatures
  A gnoll (D:1)
  2 adders (D:2)
  3 oozes
  2 worms
  3 dart slugs
  A leopard gecko (D:2)
  5 orcs
  4 giant cockroaches
  7 goblins
  3 hobgoblins
  7 jackals
  7 kobolds
  4 quokkas
  A ball python (D:3)
  4 bats
  5 frilled lizards
  5 rats
64 creatures vanquished.

Notes
Turn   | Place    | Note
-------+----------+-------------------------------------------
     0 | D:1      | Dadi the Gargoyle Fighter began the quest for the Orb.
     0 | D:1      | Reached XP level 1. HP: 14/14 MP: 1/1
   120 | D:1      | Reached XP level 2. HP: 19/19 MP: 2/2
   167 | D:1      | Reached XP level 3. HP: 19/24 MP: 3/3
  1197 | D:2      | Reached XP level 4. HP: 29/29 MP: 4/4
  2035 | D:3      | Reached XP level 5. HP: 34/34 MP: 5/5
  2103 | D:3      | Noticed an orc warrior
  2111 | D:3      | Killed from afar by an orc wizard

Illustrated notes

Levels and vault maps discovered:
D:1:      onia_arrival_mini_maze_b, layout_rooms, serial_aquarium,
          aquarium_bridge_island_small [aquarium_subvault_small_open,
          aquarium_subvault_bridge, aquarium_subvault_balcony,
          aquarium_subvault_bridge, aquarium_subvault_wall],
          aquarium_window_corner, aquarium_window_fake, aquarium_window_3,
          aquarium_view_2f, aquarium_balcony_1a
D:2:      layout_basic
D:3:      cheibrodos_helix_gallery, layout_rooms

Skill      XL: |  1  2  3  4 |
---------------+-------------+-----
Maces & Flails | 3 4 |  4.3
Fighting       | 4 |  4.4
Armour         | |  3.2
Shields        | |  3.2

Action                   |  1- 3 |  4- 6 || total
-------------------------+-------+-------++-------
Melee: Flail             |    90 |    72 ||   162
       Morningstar       |       |    72 ||    72
Armor: Scale mail        |    38 |       ||    38
       Plate armour      |     2 |   141 ||   143
Dodge: Dodged            |    23 |    18 ||    41
Block: Kite shield       |    38 |    92 ||   130
